Map: 어스름 탑

Players

llllllllllll

  • Race: Terran Terran
  • League: Master

llllllllllll (Scarlett) - Winner!

  • Race: Zerg Zerg
  • League: Grandmaster

VOD

Have the link to the VOD?

Description

Time

  • Played on: April 14, 2016, 1:58 a.m.
  • Length: 11:09
Show
View Real Time Build Order
Export as new Build Order

llllllllllll Terran 

Build Orders: MMM Bio 

Get SALT Encoding   

  12  0:00  SCV  
  13  0:12  SCV  
  14  0:17  Supply Depot  
  14  0:24  SCV  
  15  0:39  SCV  
  15  0:41  Barracks  
  16  0:43  Refinery  
  16  0:51  SCV  
  17  1:03  SCV  
  18  1:15  SCV  
  19  1:27  Orbital Command  
  19  1:32  Barracks Reactor  
  19  1:39  Command Center  
  19  1:50  Supply Depot  
  19  1:53  SCV  
  20  2:05  SCV  
  21  2:11  Marine x2  
  21  2:13  Factory  
  23  2:17  SCV  
  24  2:23  Refinery  
  24  2:24  Barracks  
  24  2:29  SCV  
  25  2:31  Marine x2  
  27  2:41  SCV  
  28  2:50  Marine x2  
  30  2:52  Orbital Command  
  30  2:53  SCV  
  31  3:03  Starport  
  31  3:05  SCV  
  32  3:16  Hellion x2, Barracks Tech Lab  
  32  3:17  SCV  
  37  3:20  Barracks Reactor  
  37  3:26  SCV  
  38  3:30  Supply Depot, SCV  
  39  3:37  Stimpack  
  39  3:39  Medivac  
  41  3:42  Marine  
  41  3:47  Hellion  
  41  3:48  Hellion  
  46  3:55  SCV  
  47  3:59  Marine x2  
  49  4:05  Supply Depot  
  49  4:10  Hellion x2  
  53  4:17  Supply Depot  
  53  4:18  Armory, SCV  
  54  4:26  Marine x2, Medivac  
  54  4:27  SCV  
  54  4:28  Supply Depot  
  59  4:34  Hellion  
  59  4:36  Marine  
  62  4:39  Hellion, SCV  
  62  4:43  SCV  
  62  4:44  Supply Depot  
  66  4:46  Marine x2  
  68  4:54  Marauder  
  70  5:03  Hellion x2  
  70  5:04  Medivac  
  70  5:06  SCV x2  
  78  5:09  Supply Depot  
  78  5:11  Supply Depot  
  78  5:17  Marine x2  
  78  5:18  Marauder  
  82  5:37  Barracks, Factory Reactor  
  82  5:41  SCV  
  87  5:43  SCV  
  87  5:44  Command Center  
  87  5:47  Engineering Bay  
  87  5:48  Engineering Bay  
  84  5:53  SCV  
  84  5:55  SCV  
  77  6:01  Medivac  
  63  6:05  SCV  
  63  6:07  SCV  
  56  6:13  Marine x2  
  56  6:14  Marauder  
  56  6:17  SCV  
  60  6:19  SCV  
  60  6:24  Terran Infantry Armor Level 1, Terran Infantry Weapons Level 1  
  60  6:25  Refinery  
  61  6:26  Refinery  
  61  6:27  Barracks  
  61  6:30  SCV  
  61  6:31  SCV  
  63  6:33  Barracks  
  63  6:35  Medivac  
  63  6:37  Marine x3  
  63  6:38  Marine  
  69  6:42  SCV  
  69  6:43  SCV  
  69  6:46  Factory Reactor  
  71  6:51  Marauder  
  73  6:55  SCV x2  
  73  6:56  Orbital Command  
  73  7:01  Marine x4  
  76  7:07  SCV x2  
  81  7:12  Marauder  
  81  7:14  Armory  
  83  7:16  Marine  
  83  7:17  Marine  
  83  7:19  Marine x3, SCV  
  83  7:20  SCV  
  83  7:21  SCV  
  91  7:24  Supply Depot  
  91  7:27  Marine, Barracks Reactor  
  92  7:31  SCV  
  92  7:32  SCV  
  92  7:33  Marauder, SCV  
  92  7:34  Marine  
  98  7:38  Marine x3  
  98  7:43  SCV  
  98  7:44  SCV, Supply Depot  
  103  7:45  SCV  
  103  7:47  Supply Depot  
  103  7:48  Marine  
  103  7:49  Marine  
  110  7:52  Marine  
  110  7:55  Marauder  
  110  7:56  Barracks x3  
  109  8:00  Marine x2, Supply Depot  
  109  8:01  Supply Depot  
  109  8:02  Medivac x2  
  115  8:07  Marine x3  
  115  8:08  Marine x2  
  115  8:10  Marine  
  121  8:16  Marauder  
  123  8:20  Marine x2  
  123  8:24  Terran Infantry Weapons Level 2, Supply Depot  
  123  8:25  Terran Infantry Armor Level 2, Marine  
  126  8:27  Supply Depot  
  126  8:37  Marine x3  
  126  8:38  Marine x3, Marauder  
  126  8:39  Marine  
  109  8:48  Marine  
  109  8:54  Marine  
  108  8:56  Barracks Reactor x2, Barracks Tech Lab  
  108  8:57  Marine x4  
  108  8:58  Marine x2  
  108  8:59  Marauder  
  108  9:00  Medivac x2  
  119  9:07  SCV x3  
  119  9:09  Marine  
  122  9:14  Command Center  
  122  9:15  Combat Shields  
  123  9:20  Marine x2, Marauder  
  123  9:21  Marine x5, Marauder  
  115  9:34  Marine  
  115  9:35  Marine x4  
  115  9:37  Medivac x2  
  115  9:38  Marine x3  
  117  9:39  Marine x4  
  117  9:42  Marine, Marauder  
  127  9:50  Concussive Shells  
  127  9:52  Marine x2  
  127  9:53  Marine x3  
  127  9:56  Marine x5  
  127  9:57  Marine x2  
  139  10:00  Marauder  
  139  10:03  Marauder  
  143  10:10  Marine x5, Medivac x2  
  143  10:14  Marine x4  
  152  10:20  Marine  
  152  10:21  Marine x2, Marauder  
  158  10:24  Marauder  
  158  10:28  Marine x5, Planetary Fortress  
  163  10:31  Marine  
  163  10:32  Marine x3  
  171  10:38  Marine  
  171  10:39  Marine x2  
  176  10:43  Marauder, Supply Depot x2  
  176  10:45  Marine  
  176  10:46  Marine  
Show
View Real Time Build Order
Export as new Build Order

llllllllllll Zerg - Winner!

Build Orders: Hatch First 

Get SALT Encoding   

  12  0:01  Drone  
  13  0:08  Drone  
  14  0:17  Overlord  
  14  0:23  Extractor, Drone  
  15  0:36  Drone x2  
  17  0:51  Hatchery  
  17  0:54  Drone  
  17  0:58  Drone  
  18  1:11  Spawning Pool  
  18  1:12  Extractor  
  18  1:16  Drone  
  17  1:20  Drone  
  18  1:28  Drone  
  19  1:40  Overlord  
  19  1:59  Queen  
  19  2:00  Zergling x2  
  22  2:02  Drone  
  22  2:03  Queen, Drone  
  26  2:12  Metabolic Boost  
  26  2:16  Drone x2  
  26  2:20  Drone  
  29  2:27  Drone  
  30  2:31  Drone  
  31  2:37  Hatchery  
  31  2:40  Drone  
  31  2:44  Drone  
  32  2:49  Queen  
  34  2:54  Overlord  
  34  2:58  Drone  
  34  3:04  Pneumatized Carapace, Drone  
  36  3:13  Drone  
  36  3:14  Drone x4  
  36  3:19  Overlord, Drone  
  42  3:22  Drone  
  43  3:33  Roach Warren  
  42  3:37  Drone  
  42  3:39  Overlord  
  42  3:40  Drone x3  
  42  3:41  Drone  
  47  3:51  Zergling x6  
  47  3:52  Queen  
  52  4:05  Overlord, Drone x6  
  58  4:18  Roach x4  
  58  4:20  Overlord x2  
  66  4:26  Lair, Overlord  
  66  4:28  Extractor x2  
  64  4:33  Drone  
  64  4:34  Drone x5  
  64  4:38  Overlord  
  70  4:41  Overlord  
  70  4:42  Evolution Chamber  
  70  4:44  Roach  
  70  4:45  Roach  
  72  5:00  Drone x4  
  72  5:06  Roach x3  
  81  5:14  Roach x2  
  85  5:17  Extractor  
  84  5:25  Roach x3  
  84  5:27  Zergling x10  
  95  5:32  Spore Crawler, Roach x2  
  95  5:33  Zergling x2, Roach  
  103  5:35  Roach  
  103  5:56  Drone x8  
  97  6:01  Roach x4  
  89  6:10  Roach, Zergling x6  
  84  6:13  Queen  
  84  6:14  Evolution Chamber  
  84  6:15  Infestation Pit  
  84  6:18  Queen  
  84  6:19  Queen  
  88  6:25  Drone  
  88  6:26  Drone x3  
  88  6:27  Spore Crawler  
  88  6:28  Extractor, Zerg Ground Armor Level 1  
  88  6:30  Extractor  
  89  6:34  Overseer  
  89  6:35  Drone  
  89  6:36  Drone x2  
  92  6:41  Drone x2  
  92  6:42  Zerg Melee Weapons Level 1  
  92  6:43  Hatchery  
  93  6:51  Drone x5  
  98  7:01  Drone x2  
  100  7:03  Hive, Drone x2  
  102  7:08  Overlord  
  102  7:13  Infestor x2  
  106  7:19  Overlord  
  106  7:20  Overlord  
  106  7:21  Overlord x2  
  106  7:24  Hatchery  
  105  7:35  Infestor x2, Spore Crawler  
  108  7:38  Ravager  
  108  7:39  Ravager, Drone  
  108  7:40  Drone x6  
  108  7:41  Zergling x2  
  108  7:43  Zergling x2  
  119  7:49  Zergling x4  
  121  7:56  Zergling x10  
  126  8:05  Ravager x7  
  133  8:07  Overlord x2  
  133  8:14  Drone  
  133  8:15  Drone x6  
  140  8:20  Extractor  
  140  8:21  Ultralisk Cavern  
  140  8:25  Extractor  
  136  8:36  Zergling x2  
  136  8:37  Zergling x26  
  136  8:40  Zerg Melee Weapons Level 2, Zerg Ground Armor Level 2  
  149  8:57  Adrenal Glands  
  149  8:59  Hatchery  
  149  9:00  Overlord x3  
  149  9:01  Overlord  
  148  9:03  Zergling x2  
  148  9:04  Hatchery, Zergling x16  
  148  9:07  Spire  
  155  9:11  Overlord  
  155  9:12  Zergling x10  
  159  9:17  Chitinous Plating  
  159  9:19  Zergling x2  
  146  9:32  Zergling x22  
  156  9:47  Ultralisk x2  
  156  9:50  Ultralisk, Zergling x6  
  156  9:51  Zergling x2  
  178  10:07  Spine Crawler  
  178  10:08  Ultralisk  
  178  10:09  Spine Crawler, Spore Crawler  
  178  10:10  Spine Crawler  
  177  10:21  Ultralisk, Zergling x2  
  177  10:22  Zergling x8  
  177  10:27  Extractor  
  187  10:30  Drone x3  
  187  10:34  Zergling x12  
Tags
 
Composition
MMM Bio
Matchup
TvZ
Player
Scarlett
Replay Pack
rep
Add a new tag
Caveats
  • Supply blocks, unpowered buildings, or Contaminate may cause inaccurate times.
  • Supply counts are checked every 10 seconds.